 Dungeon Crawl Stone Soup version 0.31.0-11-ge490571c62 (webtiles) character file.

Game seed: 559155378766258555

32 SnakkuSnakku7 the Conjurer (level 3, 0/26 HPs)
             Began as a Merfolk Conjurer on Jan 31, 2024.
             Slain by a quokka (4 damage)
             ... on level 2 of the Dungeon.
             The game lasted 00:03:01 (995 turns).

SnakkuSnakku7 the Conjurer (Merfolk Conjurer)        Turns: 995, Time: 00:03:02

Health: 0/26       AC:  2    Str:  7    XL:     3   Next: 27%
Magic:  6/6        EV: 12    Int: 17    God:
Gold:   49         SH:  0    Dex: 14    Spells: 5/6 levels left

rFire   . . .        a - +0 arbalest
rCold   . . .        (shield currently unavailable)
rNeg    . . .        e - +0 robe
rPois   .            (no helmet)
rElec   .            (no cloak)
rCorr   .            (no gloves)
SInv    .            (no boots)
Will    +....        (no amulet)
Stlth   ++           (no ring)
HPRegen 0.24/turn    (no ring)
MPRegen 0.10/turn

%: no passive effects
@: mighty, enlightened, flying
A: (nimble swimmer 2), mertail
a: no special abilities


You were on level 2 of the Dungeon.
You visited 1 branch of the dungeon, and saw 2 of its levels.

You collected 49 gold pieces.

Inventory:

Hand Weapons
 a - a +0 arbalest (weapon)
Armour
 e - a +0 robe (worn)
Scrolls
 f - a scroll of identify {unknown}
Potions
 b - a potion of magic
 c - a potion of brilliance {unknown}
 d - a potion of invisibility {unknown}
 g - a potion of lignification {unknown}


   Skills:
 - Level 1.4 Fighting
 + Level 1.3 Ranged Weapons
 - Level 2.6 Dodging
 - Level 2.1 Stealth
 - Level 1.4 Unarmed Combat
 - Level 2.0 Spellcasting
 - Level 3.2 Conjurations


You had 5 spell levels left.
You knew the following spells:

 Your Spells              Type           Power      Damage    Failure   Level
a - Magic Dart            Conj           48%        1d5       4%          1

Your spell library contained the following spells:

 Spells                   Type           Power      Damage    Failure   Level
 Searing Ray              Conj           24%        2d5       8%          2
 Sandblast                Erth           2%         2d4       19%         1
 Ensorcelled Hibernation  Hex/Ice        2%         N/A       28%         2
 Lesser Beckoning         Tloc           2%         N/A       28%         2
 Stone Arrow              Conj/Erth      14%        3d7       30%         3
 Gell's Gravitas          Tloc           1%         N/A       50%         3
 Passwall                 Erth           1%         N/A       50%         3
 Swiftness                Air            1%         N/A       50%         3
 Teleport Other           Tloc           1%         N/A       50%         3
 Brom's Barrelling Bould  Conj/Erth      7%         2d3       69%         4
 Fulminant Prism          Conj/Alch      3%         3d5       69%         4
 Iskenderun's Mystic Bla  Conj/Tloc      7%         2d4       69%         4


Dungeon Overview and Level Annotations

Branches:
Dungeon (2/15)

Altars:

Shops:
D:2 (


Innate Abilities, Weirdness & Mutations

((You are very nimble when in or above water. (Stealth+, EV+, Speed+++)))
Your lower body shifts to a powerful aquatic tail in water.


Message History

The bolt hits the rat but does no damage.
You shoot a bolt. The bolt hits the rat!
You kill the rat!
No target in view!
An adder comes into view.
The adder moves out of view.
A kobold comes into view. It is wielding a +0 whip.
A quokka comes into view.
Found 2 gold pieces and a scroll labelled SIVOGATEA.
Found Bemm's Antique Weapon Shoppe.
You shoot a bolt. The kobold shouts!
The adder hisses angrily.
The bolt hits the adder!
The adder is severely wounded.
The adder completely misses you.
You shoot a bolt. The bolt barely misses the adder.
The adder bites you. The adder barely misses you.
An endoplasm comes into view.
The kobold barely misses you.
Unknown command.
You shoot a bolt. The bolt closely misses the adder.
The adder bites you.
You are poisoned.
The adder poisons you! The adder bites you. The quokka misses you.
The kobold hits you with a +0 whip. The adder barely misses you.
You feel sick. The quokka attacks as it pursues you! The quokka bites you. x2
You feel sick.
You feel sick.
You feel sick. The quokka attacks as it pursues you! The quokka bites you.
* * * LOW HITPOINT WARNING * * *
You feel sick. The quokka attacks as it pursues you! The quokka bites you.
* * * LOW HITPOINT WARNING * * *
It was a potion of might.
You feel very mighty all of a sudden.
You feel sick. The quokka barely misses you. x2
It was a potion of enlightenment.
You feel very buoyant.
You fly up into the air.
You feel sick.
You are no longer poisoned.
The quokka bites you.
You die...

#.## ########...
#..### ###..(.......
##...###...######.##
###.#...### #.#
#.#.######## ..#
#....#.....##.##
#.....<.......
####.###.......##
##Sr@.# ##......#
##.K#### #......#
##.J## #.....##
#..## #.>...# #.##
#.....#
#.........$..#
#.....#
#......?.....#
#............#
#..........J..


You could see an adder, an endoplasm, a quokka and a kobold.

Vanquished Creatures
  3 bats (D:1)
  An endoplasm (D:1)
  4 goblins (D:1)
  2 hobgoblins (D:1)
  6 jackals (D:1)
  6 kobolds (D:1)
  4 ball pythons (D:1)
  3 frilled lizards
  2 rats
31 creatures vanquished.

Notes
Turn   | Place    | Note
-------+----------+-------------------------------------------
     0 | D:1      | SnakkuSnakku7 the Merfolk Conjurer began the quest for the
                  | Orb.
     0 | D:1      | Reached XP level 1. HP: 13/13 MP: 3/3
   170 | D:1      | Reached skill level 1 in Fighting
   170 | D:1      | Reached skill level 1 in Unarmed Combat
   175 | D:1      | Reached XP level 2. HP: 21/21 MP: 0/5
   387 | D:1      | Reached XP level 3. HP: 24/26 MP: 4/6
   422 | D:1      | Reached skill level 1 in Ranged Weapons
   613 | D:1      | Found a faded altar of an unknown god.
   985 | D:2      | Found Bemm's Antique Weapon Shoppe.
   995 | D:2      | Slain by a quokka

Illustrated notes

Levels and vault maps discovered:
D:1:      amcnicky_arrival_double_pillar, layout_basic,
          nicolae_ecumenical_lake_church, minmay_small_reverse_x
D:2:      layout_rooms, serial_shops, nicolae_shop_waterfront

Skill      XL: |  1  2  3 |
---------------+----------+-----
Fighting       | 1 |  1.4
Unarmed Combat | 1 |  1.4
Ranged Weapons | 1 |  1.3
Dodging        | |  2.6
Stealth        | |  2.1
Spellcasting   | |  2.0
Conjurations   | |  3.2

Action                     || total
---------------------------++-------
  Melee: Unarmed           ||    69
         Punch             ||     1
   Fire: Arbalest          ||    30
   Cast: Magic Dart        ||    25
    Use: Potion            ||     2
   Stab: Sleeping          ||     1
 Armour: Robe              ||    48
  Dodge: Dodged            ||    72
